[ AOE2 MATCH · #507215493 ]
UnrankedSicilians vs Maya
Player's team · LOSS
Rival team · WIN
[ REPLAY ANALYSIS · EXTRACTED FROM THE RECORDED GAME ]
Feudal
24:09
Castle
—
Imperial
—
| APM avg | 49.1 |
| APM peak | 114 |
| eAPM avg | 28.4 |
| Villagers / military | 64 / 10 |
Focus
⚔️ 26.8% · 🌾 73.2%
Serjeant ×10
Feudal
9:54
Castle
23:00
Imperial
—
| APM avg | 34.1 |
| APM peak | 73 |
| eAPM avg | 17.3 |
| Villagers / military | 54 / 36 |
Focus
⚔️ 51.3% · 🌾 48.7%
Archer ×29 · Battering Ram ×5 · Mangonel ×2
Match map
Initial resources + every placement click. Lines = walls · curves = elevation contours. ◆ gold · ⬟ stone · ● berries · ✦ relic · ◌ wall gap
Your base· ✓ Closed at 12:00 · 12t walls · 3 gate(s)
lagorathia's base· ✓ Closed at 23:00 · 2t walls · 3 gate(s)
Smoothed initial terrain · ◌ = detected wall gap · hover for details
Inputs per minute
— Jack_el_Guapo - - lagorathia
Build order — Jack_el_Guapo
149 actions detected in the replay
| 0:01 | Build | House |
| 0:02 | Build | House |
| 0:03 | Queue | Villager (Male) |
| 0:03 | Queue | Villager (Male) |
| 0:05 | Queue | Villager (Male) |
| 0:05 | Queue | Villager (Male) |
| 0:06 | Queue | Villager (Male) |
| 1:28 | Queue | Villager (Male) |
| 1:47 | Build | Lumber Camp |
| 1:53 | Queue | Villager (Male) |
| 2:29 | Queue | Villager (Male) |
| 2:30 | Queue | Villager (Male) |
| 2:46 | Queue | Villager (Male) |
| 3:19 | Queue | Villager (Male) |
| 3:23 | Queue | Villager (Male) |
| 3:24 | Queue | Villager (Male) |
| 3:51 | Build | House |
| 3:52 | Build | House |
| 4:01 | Queue | Villager (Male) |
| 4:09 | Queue | Villager (Male) |
| 4:34 | Queue | Villager (Male) |
| 4:35 | Queue | Villager (Male) |
| 5:20 | Queue | Villager (Male) |
| 5:40 | Research | Loom |
| 5:42 | Queue | Villager (Male) |
| 6:02 | Queue | Villager (Male) |
| 6:21 | Research | Loom |
| 7:03 | Queue | Villager (Male) |
| 7:45 | Build | Town Center |
| 8:05 | Build | Mill |
| 8:23 | Queue | Villager (Male) |
| 8:23 | Queue | Villager (Male) |
| 8:23 | Queue | Villager (Male) |
| 9:12 | Queue | Villager (Male) |
| 9:31 | Build | Town Center |
| 9:59 | Queue | Villager (Male) |
| 10:00 | Queue | Villager (Male) |
| 10:00 | Queue | Villager (Male) |
| 10:19 | Build | Palisade Wall |
| 10:21 | Build | Palisade Wall |
| 10:28 | Build | Palisade Wall |
| 10:29 | Build | Palisade Wall |
| 10:31 | Build | Palisade Wall |
| 10:32 | Build | Palisade Wall |
| 10:33 | Build | Palisade Wall |
| 10:37 | Queue | Villager (Male) |
| 11:17 | Build | House |
| 11:39 | Queue | Villager (Male) |
| 11:43 | Build | Palisade Wall |
| 12:06 | Queue | Villager (Male) |
| 12:46 | Queue | Villager (Male) |
| 12:46 | Queue | Villager (Male) |
| 13:24 | Build | Palisade Wall |
| 13:44 | Build | Town Center |
| 14:12 | Queue | Villager (Male) |
| 14:13 | Queue | Villager (Male) |
| 14:24 | Build | House |
| 14:54 | Queue | Villager (Male) |
| 15:03 | Build | Palisade Wall |
| 15:21 | Build | House |
| 15:28 | Queue | Villager (Male) |
| 15:33 | Build | Farm |
| 15:35 | Build | Farm |
| 15:57 | Queue | Villager (Male) |
| 16:04 | Build | Farm |
| 16:06 | Queue | Villager (Male) |
| 16:33 | Build | Lumber Camp |
| 16:37 | Queue | Villager (Male) |
| 16:38 | Build | Farm |
| 16:52 | Build | House |
| 16:54 | Queue | Villager (Male) |
| 17:10 | Queue | Villager (Male) |
| 17:14 | Queue | Villager (Male) |
| 17:19 | Build | Farm |
| 17:20 | Queue | Villager (Male) |
| 17:47 | Build | Farm |
| 17:49 | Queue | Villager (Male) |
| 17:58 | Queue | Villager (Male) |
| 18:22 | Queue | Villager (Male) |
| 18:30 | Build | Mill |
| 18:33 | Build | Farm |
| 18:34 | Build | Farm |
| 18:35 | Build | Farm |
| 18:35 | Build | Farm |
| 18:41 | Build | Farm |
| 18:42 | Queue | Villager (Male) |
| 18:48 | Build | House |
| 18:49 | Build | House |
| 18:50 | Queue | Villager (Male) |
| 19:12 | Build | Farm |
| 19:13 | Queue | Villager (Male) |
| 19:24 | Queue | Villager (Male) |
| 19:25 | Build | Farm |
| 19:26 | Queue | Villager (Male) |
| 19:38 | Build | House |
| 19:41 | Build | House |
| 19:52 | Queue | Villager (Male) |
| 19:56 | Build | Farm |
| 19:57 | Build | Farm |
| 20:01 | Build | Farm |
| 20:02 | Queue | Villager (Male) |
| 20:07 | Build | House |
| 20:21 | Build | House |
| 20:39 | Build | Mining Camp |
| 21:06 | Build | Lumber Camp |
| 21:12 | Build | House |
| 21:21 | Build | Donjon |
| 21:48 | Research | Feudal Age |
| 21:58 | Build | Mining Camp |
| 22:31 | Build | Farm |
| 23:08 | Build | House |
| 23:50 | Build | House |
| 24:09 | Age | Feudal Age |
| 24:15 | Build | Donjon |
| 24:19 | Queue | Serjeant |
| 24:19 | Queue | Serjeant |
| 24:23 | Build | Blacksmith |
| 24:24 | Queue | Villager (Male) |
| 24:24 | Queue | Villager (Male) |
| 24:41 | Queue | Serjeant |
| 24:50 | Queue | Serjeant |
| 24:50 | Queue | Serjeant |
| 25:04 | Research | Fletching |
| 25:05 | Research | Scale Mail Armor |
| 25:10 | Queue | Serjeant |
| 25:24 | Build | Donjon |
| 25:27 | Queue | Villager (Male) |
| 25:35 | Queue | Serjeant |
| 25:38 | Queue | Serjeant |
| 25:40 | Research | Forging |
| 25:41 | Queue | Villager (Male) |
| 25:54 | Build | Market |
| 25:59 | Build | Farm |
| 26:05 | Queue | Serjeant |
| 26:16 | Build | Mill |
| 26:17 | Build | Farm |
| 26:17 | Build | Farm |
| 26:18 | Build | Farm |
| 26:18 | Build | Farm |
| 26:20 | Queue | Villager (Male) |
| 26:35 | Build | Mining Camp |
| 27:07 | Queue | Villager (Male) |
| 27:08 | Queue | Villager (Male) |
| 27:15 | Queue | Villager (Male) |
| 27:40 | Queue | Villager (Male) |
| 28:14 | Queue | Villager (Male) |
| 28:17 | Queue | Serjeant |
| 28:22 | Build | Farm |
| 28:22 | Build | Farm |
Build order — lagorathia
145 actions detected in the replay
| 0:00 | Queue | Villager (Male) |
| 0:01 | Queue | Villager (Male) |
| 0:01 | Queue | Villager (Male) |
| 0:02 | Build | House |
| 0:05 | Research | Loom |
| 0:05 | Queue | Villager (Male) |
| 0:05 | Queue | Villager (Male) |
| 0:06 | Queue | Villager (Male) |
| 0:07 | Build | House |
| 1:27 | Queue | Villager (Male) |
| 1:53 | Queue | Villager (Male) |
| 1:53 | Queue | Villager (Male) |
| 1:55 | Build | Lumber Camp |
| 2:28 | Queue | Villager (Male) |
| 2:29 | Queue | Villager (Male) |
| 2:58 | Queue | Villager (Male) |
| 3:03 | Build | House |
| 3:29 | Queue | Villager (Male) |
| 4:02 | Queue | Villager (Male) |
| 4:17 | Queue | Villager (Male) |
| 4:45 | Build | Mill |
| 4:51 | Queue | Villager (Male) |
| 5:15 | Queue | Villager (Male) |
| 5:33 | Build | House |
| 5:42 | Queue | Villager (Male) |
| 5:51 | Queue | Villager (Male) |
| 5:51 | Queue | Villager (Male) |
| 6:29 | Queue | Villager (Male) |
| 6:47 | Queue | Villager (Male) |
| 7:19 | Queue | Villager (Male) |
| 7:44 | Research | Feudal Age |
| 7:57 | Build | Palisade Wall |
| 8:08 | Build | Barracks |
| 8:17 | Build | House |
| 8:37 | Build | Mining Camp |
| 8:52 | Queue | Villager (Male) |
| 8:52 | Queue | Villager (Male) |
| 9:54 | Age | Feudal Age |
| 10:08 | Build | Archery Range |
| 10:10 | Queue | Villager (Male) |
| 10:10 | Queue | Villager (Male) |
| 10:17 | Build | Watch Tower |
| 10:25 | Queue | Villager (Male) |
| 10:31 | Queue | Villager (Male) |
| 11:13 | Build | Palisade Wall |
| 11:18 | Build | House |
| 11:29 | Queue | Archer |
| 12:01 | Queue | Villager (Male) |
| 12:04 | Build | Mining Camp |
| 12:49 | Queue | Archer |
| 13:23 | Queue | Archer |
| 13:28 | Build | Watch Tower |
| 14:21 | Build | Mining Camp |
| 14:35 | Build | Town Center |
| 14:42 | Queue | Archer |
| 15:09 | Queue | Archer |
| 15:42 | Queue | Villager (Male) |
| 15:53 | Queue | Villager (Male) |
| 16:20 | Queue | Archer |
| 16:22 | Queue | Villager (Male) |
| 16:38 | Queue | Villager (Male) |
| 16:53 | Queue | Villager (Male) |
| 16:55 | Queue | Archer |
| 17:09 | Queue | Villager (Male) |
| 17:13 | Build | Farm |
| 17:14 | Build | Farm |
| 17:14 | Build | Farm |
| 17:14 | Build | Farm |
| 17:14 | Build | Farm |
| 17:46 | Queue | Villager (Male) |
| 17:46 | Queue | Archer |
| 18:00 | Queue | Archer |
| 18:13 | Build | Mill |
| 18:14 | Build | Farm |
| 18:15 | Build | Farm |
| 18:15 | Build | Farm |
| 18:15 | Build | Farm |
| 18:15 | Build | Farm |
| 18:15 | Build | Farm |
| 18:27 | Queue | Archer |
| 18:28 | Queue | Villager (Male) |
| 18:33 | Queue | Archer |
| 18:35 | Queue | Villager (Male) |
| 18:39 | Build | House |
| 18:40 | Build | House |
| 18:53 | Queue | Archer |
| 19:34 | Build | Blacksmith |
| 19:55 | Queue | Villager (Male) |
| 20:02 | Research | Castle Age |
| 20:15 | Queue | Archer |
| 20:22 | Queue | Villager (Male) |
| 20:28 | Research | Double-Bit Axe |
| 20:35 | Research | Fletching |
| 20:59 | Queue | Archer |
| 21:02 | Build | House |
| 21:03 | Build | House |
| 21:22 | Queue | Archer |
| 21:48 | Queue | Archer |
| 21:54 | Build | House |
| 21:55 | Build | House |
| 23:00 | Age | Castle Age |
| 23:03 | Build | Siege Workshop |
| 23:06 | Queue | Villager (Male) |
| 23:08 | Research | Crossbowman (upgrade) |
| 23:17 | Research | Bodkin Arrow |
| 23:20 | Queue | Archer |
| 23:23 | Queue | Archer |
| 23:51 | Queue | Villager (Male) |
| 23:52 | Queue | Villager (Male) |
| 24:02 | Queue | Mangonel |
| 24:08 | Queue | Battering Ram |
| 24:21 | Research | Bow Saw |
| 24:22 | Queue | Villager (Male) |
| 24:23 | Queue | Archer |
| 24:49 | Queue | Battering Ram |
| 24:53 | Queue | Villager (Male) |
| 24:54 | Queue | Archer |
| 25:01 | Build | House |
| 25:17 | Queue | Archer |
| 25:36 | Queue | Battering Ram |
| 25:53 | Queue | Archer |
| 25:54 | Queue | Villager (Male) |
| 26:12 | Queue | Villager (Male) |
| 26:21 | Build | House |
| 26:22 | Build | House |
| 26:27 | Queue | Archer |
| 26:28 | Queue | Villager (Male) |
| 26:40 | Queue | Battering Ram |
| 27:13 | Queue | Battering Ram |
| 27:37 | Queue | Archer |
| 27:38 | Queue | Villager (Male) |
| 27:41 | Build | Farm |
| 27:43 | Build | Farm |
| 28:03 | Queue | Archer |
| 28:04 | Queue | Villager (Male) |
| 28:06 | Build | House |
| 28:52 | Queue | Archer |
| 28:53 | Queue | Archer |
| 28:54 | Queue | Villager (Male) |
| 28:54 | Queue | Villager (Male) |
| 29:16 | Queue | Archer |
| 29:17 | Queue | Archer |
| 29:18 | Queue | Villager (Male) |
| 29:26 | Build | Market |
| 29:29 | Queue | Mangonel |
Match timeline
| 7:57 | lagorathia · wall_segment Palisade Wall x1 |
| 8:08 | lagorathia · first_building Barracks |
| 9:54 | lagorathia · age_up feudal |
| 10:08 | lagorathia · first_building Archery Range |
| 10:19 | Jack_el_Guapo · wall_segment Palisade Wall x1 |
| 10:21 | Jack_el_Guapo · wall_segment Palisade Wall x1 |
| 10:28 | Jack_el_Guapo · wall_segment Palisade Wall x1 |
| 10:29 | Jack_el_Guapo · wall_segment Palisade Wall x1 |
| 10:31 | Jack_el_Guapo · wall_segment Palisade Wall x1 |
| 10:32 | Jack_el_Guapo · wall_segment Palisade Wall x1 |
| 10:33 | Jack_el_Guapo · wall_segment Palisade Wall x1 |
| 11:13 | lagorathia · wall_segment Palisade Wall x1 |
| 11:43 | Jack_el_Guapo · wall_segment Palisade Wall x6 |
| 13:24 | Jack_el_Guapo · wall_segment Palisade Wall x8 |
| 15:03 | Jack_el_Guapo · wall_segment Palisade Wall x3 |
| 21:21 | Jack_el_Guapo · first_building Donjon |
| 23:00 | lagorathia · age_up castle |
| 23:03 | lagorathia · first_building Siege Workshop |
| 24:09 | Jack_el_Guapo · age_up feudal |
| 29:32 | Jack_el_Guapo · resign |
[ AI ANALYSIS · 1 CREDIT ]
What really happened in this match?
Wolo.gg analyzes every decision: build order, eco, micro, common mistakes by bracket. Personalized analysis on WhatsApp or Discord in 30 seconds.
Civ guide
Sicilians
Perfil
Jugador #2933077